Map: New Repugnancy LE

Players

Throwfordays - Winner!

  • Race: Protoss Protoss
  • League: Silver
  • Spawn Location: 7:00

Jhon

  • Race: Terran Terran
  • Spawn Location: 1:00

VOD

Have the link to the VOD?

Description

Time

  • Played on: May 14, 2019, 4:32 p.m.
  • Length: 14:09
Show
View Real Time Build Order
Export as new Build Order

Throwfordays Protoss - Winner!

Build Orders: 1 Gate Expand 

Get SALT Encoding   

  12  0:01  Probe  
  13  0:17  Pylon, Probe  
  14  0:25  Probe  
  15  0:36  Gateway  
  15  0:45  Assimilator, Probe  
  16  0:57  Probe  
  17  1:18  Probe  
  17  1:19  Nexus  
  18  1:26  Probe  
  19  1:36  Probe  
  20  1:43  Cybernetics Core  
  20  1:56  Gateway  
  20  2:03  Pylon, Warp Gate  
  20  2:07  Probe  
  21  2:13  Assimilator  
  21  2:23  Robotics Facility  
  21  2:26  Probe  
  21  2:28  Probe  
  22  2:37  Probe  
  23  2:39  Probe  
  23  2:40  Adept  
  27  2:49  Probe  
  28  2:51  Adept  
  28  2:57  Pylon  
  30  3:04  Probe  
  31  3:08  Probe  
  31  3:09  Pylon  
  32  3:14  Adept  
  34  3:20  Probe  
  34  3:21  Probe  
  36  3:27  Forge  
  36  3:34  Probe  
  36  3:36  Probe  
  36  3:40  Adept  
  40  3:47  Probe  
  40  3:48  Probe  
  42  3:55  Immortal  
  46  4:05  Photon Cannon  
  46  4:11  Photon Cannon  
  46  4:14  Adept  
  48  4:18  Adept  
  50  4:26  Photon Cannon  
  50  4:28  Probe  
  51  4:31  Photon Cannon  
  51  4:34  Assimilator  
  51  4:41  Assimilator  
  51  4:44  Protoss Ground Weapons Level 1  
  51  4:45  Photon Cannon  
  51  4:51  Immortal  
  55  4:55  Probe  
  55  4:57  Probe  
  57  5:07  Forge  
  57  5:09  Pylon  
  57  5:14  Probe  
  58  5:15  Probe  
  59  5:22  Adept  
  59  5:27  Adept  
  63  5:34  Protoss Ground Armor Level 1, Immortal  
  67  5:38  Pylon  
  67  5:42  Pylon  
  67  5:45  Pylon  
  67  5:49  Twilight Council  
  67  5:51  Probe  
  67  5:52  Probe  
  69  6:03  Probe  
  70  6:04  Probe  
  70  6:05  Robotics Bay  
  71  6:14  Observer  
  71  6:15  Probe  
  71  6:16  Probe  
  74  6:18  Nexus  
  74  6:21  Pylon  
  74  6:28  Assimilator  
  74  6:35  Assimilator  
  75  6:47  Resonating Glaives  
  74  6:48  Protoss Ground Weapons Level 2  
  74  7:03  Extended Thermal Lance  
  74  7:05  Probe  
  74  7:06  Stargate  
  74  7:07  Probe  
  74  7:08  Stargate  
  72  7:17  Probe  
  72  7:19  Probe  
  74  7:29  Probe  
  75  7:32  Probe  
  75  7:34  Probe  
  76  7:42  Probe  
  77  7:47  Probe  
  77  7:50  Probe  
  80  7:52  Probe  
  80  7:53  Oracle x2  
  80  7:57  Colossus  
  93  7:59  Protoss Air Weapons Level 1, Probe  
  93  8:02  Probe  
  93  8:03  Protoss Ground Armor Level 2  
  93  8:04  Probe  
  96  8:09  Adept  
  96  8:10  Adept  
  96  8:11  Probe  
  101  8:14  Probe  
  101  8:16  Probe  
  103  8:23  Probe  
  103  8:26  Probe  
  105  8:35  Probe  
  105  8:38  Adept  
  105  8:39  Adept, Probe  
  111  8:43  Blink  
  111  8:45  Nexus  
  111  8:47  Pylon  
  111  8:49  Assimilator  
  111  8:50  Colossus  
  111  8:53  Assimilator  
  117  9:54  Colossus  
  123  10:01  Gravitic Boosters  
  123  10:04  Protoss Ground Weapons Level 3  
  123  10:08  Adept x2  
  127  10:15  Probe  
  127  10:17  Probe  
  127  10:19  Probe  
  130  10:22  Probe  
  130  10:27  Pylon, Probe  
  132  10:29  Pylon, Probe  
  132  10:31  Pylon, Probe  
  132  10:34  Pylon, Probe  
  135  10:36  Pylon  
  135  10:38  Fleet Beacon  
  135  10:39  Probe  
  135  10:41  Probe  
  137  10:43  Gateway, Probe  
  137  10:44  Charge  
  137  10:45  Gateway  
  137  10:47  Probe  
  137  10:48  Immortal  
  143  10:50  Gateway  
  143  10:51  Gateway, Probe  
  143  10:53  Probe  
  143  10:55  Protoss Air Armor Level 1  
  143  10:56  Void Ray x2  
  153  11:01  Sentry  
  153  11:02  Sentry  
  153  11:03  Probe  
  158  11:05  Probe  
  159  11:27  Anion Pulse-Crystals  
  159  11:32  Nexus  
  159  11:33  Pylon  
  159  11:35  Immortal  
  159  11:36  Pylon  
  159  11:38  Assimilator  
  163  11:40  Assimilator  
  163  11:43  Tempest x2  
  173  12:03  Pylon  
  173  12:05  Pylon  
  173  12:07  Pylon  
  173  12:15  Observer  
  174  12:16  Templar Archives  
  174  12:18  Dark Shrine  
  174  12:42  Observer  
  175  12:45  Tempest  
  175  12:46  Tempest  
  185  12:52  Stalker x3  
  185  12:54  Stalker  
  185  12:56  Zealot x2  
  197  13:22  Zealot  
Show
View Real Time Build Order
Export as new Build Order

Jhon Terran 

Build Orders:  

Get SALT Encoding   

  12  0:05  SCV  
  13  0:21  Supply Depot  
  13  0:24  SCV  
  14  0:36  SCV  
  14  0:41  Refinery  
  15  1:08  Barracks  
  15  1:16  Supply Depot  
  15  1:27  SCV  
  17  1:40  SCV  
  17  1:48  Barracks  
  17  1:52  SCV  
  18  2:05  Command Center  
  18  2:14  Marine  
  18  2:30  Orbital Command  
  18  2:31  Marine  
  19  2:39  Barracks Tech Lab  
  19  2:49  Marine  
  20  2:55  Factory  
  20  3:04  Refinery  
  20  3:07  Marine  
  20  3:11  SCV  
  22  3:14  Marauder  
  24  3:23  SCV  
  24  3:25  Marine  
  26  3:35  SCV, Marauder  
  29  3:45  Engineering Bay  
  29  3:47  Hellion  
  31  3:52  SCV  
  32  4:01  Marauder  
  34  4:04  SCV  
  34  4:09  Hellion  
  37  4:16  SCV  
  38  4:17  Starport  
  38  4:22  Marine, Marauder  
  41  4:28  SCV, Terran Infantry Weapons Level 1  
  42  4:40  Marine, Factory Tech Lab  
  43  4:45  SCV  
  43  4:49  Marauder  
  46  5:29  Refinery  
  46  5:54  Refinery  
  46  6:08  Supply Depot  
  46  6:14  Supply Depot  
  46  6:19  Supply Depot  
  46  6:29  Marine, SCV, Medivac, Marauder  
  46  6:31  Supply Depot  
  52  6:36  Supply Depot  
  52  6:41  SCV  
  52  6:43  Supply Depot  
  52  6:45  Supply Depot  
  52  6:47  Marine  
  53  6:51  Supply Depot, Marauder  
  53  6:52  Supply Depot  
  53  6:53  SCV  
  57  6:59  Medivac  
  59  7:04  Marine  
  59  7:05  SCV  
  57  7:12  Marauder  
  44  7:16  Supply Depot  
  44  7:18  SCV  
  44  7:20  Siege Tank  
  44  7:22  Marine  
  46  7:29  Medivac  
  49  7:30  SCV  
  49  7:34  Marauder  
  52  7:40  Marine  
  52  7:42  SCV  
  54  7:52  Siege Tank  
  54  7:54  SCV  
  54  7:55  Marauder  
  54  7:58  Marine  
  61  8:06  SCV  
  61  8:07  Supply Depot  
  62  8:16  Marine, Marauder  
  62  8:18  SCV  
  66  8:24  Siege Tank  
  69  8:29  Supply Depot  
  69  8:30  SCV  
  70  8:38  Marauder  
  70  8:39  Command Center  
  72  8:43  Barracks Reactor, Starport Tech Lab  
  72  8:48  SCV  
  73  8:53  Supply Depot  
  73  8:56  Siege Tank  
  73  8:59  Marauder  
  78  9:10  Barracks  
  78  9:20  Marauder  
  80  9:29  Factory  
  76  9:38  Marine x2  
  76  9:42  Marauder  
  74  9:50  Banshee  
  77  9:56  Marine x2  
  77  9:58  Barracks  
  79  10:02  SCV  
  79  10:03  Marauder  
  79  10:06  Barracks Tech Lab  
  82  10:13  Factory  
  82  10:14  Marine x2, SCV  
  84  10:18  SCV  
  86  10:24  Factory Tech Lab  
  86  10:25  Marauder  
  86  10:28  Combat Shield  
  88  10:30  SCV  
  88  10:31  Marine  
  90  10:42  Terran Infantry Armor Level 1  
  90  10:48  SCV  
  91  10:57  Siege Tank  
  91  11:00  SCV  
  95  11:11  Armory  
  95  11:15  Banshee  
  98  11:19  Marauder  
  100  11:34  Siege Tank  
  100  11:38  Widow Mine  
  105  11:42  Marine  
  105  11:43  Marine  
  107  12:03  SCV  
  107  12:06  Siege Tank  
  111  12:08  Stimpack  
  111  12:10  Orbital Command  
  111  12:15  Liberator  
  114  12:22  SCV  
  109  12:34  SCV  
  107  12:43  Refinery  
  107  12:44  SCV  
  107  12:48  SCV  
  110  12:51  SCV  
  110  12:56  SCV  
  110  12:58  Liberator  
  114  13:00  SCV  
  114  13:03  SCV  
  116  13:13  SCV  
  117  13:25  SCV  
Tags
 
League
Silver
Matchup
PvT
Replay Pack
Multiplayer
Spawn Locations
Cross Positions
Add a new tag
Caveats
  • Supply blocks, unpowered buildings, or Contaminate may cause inaccurate times.
  • Supply counts are checked every 10 seconds.